 Dungeon Crawl Stone Soup version 0.30-a0-696-g2367cd04db (webtiles) character file.

Game seed: 4511583175277972403

71 Woods the Sneak (level 4, -6/27 HPs)
             Began as an Octopode Fire Elementalist on Jan 21, 2023.
             Mangled by a gnoll
             ... wielding a +2 whip of venom
              (7 damage)
             ... on level 3 of the Dungeon.
             The game lasted 00:05:49 (1958 turns).

Woods the Sneak (Octopode Fire Elementalist)        Turns: 1958, Time: 00:05:49

Health: -6/27      AC:  1    Str:  7    XL:     4   Next: 24%
Magic:  0/7        EV: 13    Int: 19    God:
Gold:   140        SH:  0    Dex: 12    Spells: 1/7 levels left

rFire   . . .      SeeInvis .    (no weapon)
rCold   . . .      Faith    .    (no shield)
rNeg    . . .      Spirit   .    (helmet restricted)
rPois   .          Reflect  .    (no amulet)
rElec   .          Harm     .    (no ring)
rCorr   .          Rampage  .    (no ring)
Will    .....                    (no ring)
Stlth   +++                      (no ring)
HPRegen 0.24/turn                (no ring)
MPRegen 0.10/turn                (no ring)
                                 (no ring)
                                 (no ring)

@: lethally poisoned (-6 -> -9)
A: almost no armour, amphibious, 8 rings, camouflage 1, gelatinous body 1,
(nimble swimmer 1), tentacles
a: no special abilities


You were on level 3 of the Dungeon.
You visited 1 branch of the dungeon, and saw 3 of its levels.

You collected 140 gold pieces.

Inventory:

Jewellery
 k - a +6 ring of strength
Scrolls
 b - 2 scrolls of teleportation {unknown}
 c - 3 scrolls of identify {unknown}
 e - a scroll of fear {unknown}
 f - a scroll of noise {unknown}
 g - a scroll of silence {unknown}
 h - 2 scrolls of enchant armour {unknown}
 l - 3 scrolls of immolation {unknown}
Potions
 a - a potion of magic
 d - a potion of heal wounds {unknown}
 i - a potion of flight {unknown}
 j - a potion of curing {unknown}
 m - a potion of cancellation {unknown}


   Skills:
 + Level 2.5 Dodging
 * Level 4.2 Stealth
 + Level 2.3 Spellcasting
 + Level 1.9 Conjurations
 + Level 3.3 Fire Magic


You had one spell level left.
You knew the following spells:

 Your Spells              Type           Power      Damage    Failure   Level
a - Foxfire               Conj/Fire      48%        2x1d6     5%          1
b - Scorch                Fire           30%        2d6       6%          2
c - Inner Flame           Hex/Fire       8%         N/A       24%         3

Your spell library contained the following spells:

 Spells                   Type           Power      Damage    Failure   Level
 Momentum Strike          Conj/Tloc      10%        3d8       17%         2
 Blink                    Tloc           4%         N/A       24%         2
 Lesser Beckoning         Tloc           4%         N/A       24%         2
 Kindle Blastsparks       Fire/Tloc/Air  12%        2d11      30%         3
 Flame Wave               Conj/Fire      12%        2d6       50%         4


Dungeon Overview and Level Annotations

Branches:
Dungeon (3/15)

Altars:


Innate Abilities, Weirdness & Mutations

You cannot wear most types of armour.
You are amphibious.
You can wear up to eight rings at the same time.
Your skin changes colour to match your surroundings (Stealth+).
Your rubbery body absorbs attacks. (AC +1, EV +1)
((You are camouflaged when in or above water. (Stealth+)))
You have tentacles for arms and can constrict up to eight enemies at once.


Message History

A gnoll comes into view. It is wielding a +0 spear.
You have reached level 4!
You tentacle-slap the gnoll but do no damage.
You grab the gnoll.
The gnoll is almost dead.
You constrict the gnoll, but do no damage.
The gnoll misses you.
You tentacle-slap the gnoll but do no damage.
You squeeze the gnoll.
You kill the gnoll!
The gnoll attacks as you move away! The gnoll closely misses you.
The gnoll attacks as you move away!
The gnoll hits you with a +2 whip of venom.
You are poisoned.
You feel very sick. The gnoll attacks as you move away!
The gnoll hits you with a +2 whip of venom!
* * * LOW HITPOINT WARNING * * *
You feel very sick.
* * * LOW HITPOINT WARNING * * *
You feel very sick.
* * * LOW HITPOINT WARNING * * *
You feel sick.
Unknown command.
Casting: Scorch (safe; 6% risk of failure)
Confirm with . or Enter, or press ? or * to list all spells.
Flames lash the gnoll.
The gnoll is severely wounded.
The gnoll's fire resistance burns away.
* * * LOW HITPOINT WARNING * * *
You feel sick. The gnoll misses you.
Unknown command.
Casting: Scorch (safe; 6% risk of failure)
Confirm with . or Enter, or press ? or * to list all spells.
You don't have enough magic to cast this spell.
You tentacle-slap the gnoll. Your grab misses the gnoll.
The gnoll is almost dead.
* * * LOW HITPOINT WARNING * * *
You feel sick.
The gnoll hits you with a +2 whip of venom!
You die...

..######.).####.........#
####..### ##.......##
#.<.....# ##.....##
#.##.##.# ##...##
#.#...#.# #+##
#.#...#.###### .#
#.#...#......##.#
#.##.##..g....#.######
#....@g..###.........#
####.###.###...)..##.#
#.......#..........
#####.#.#.....###.#
#.#.......# #.......###
#.......#####.#
#######.......# #########


You could see 2 gnolls.

Vanquished Creatures
  2 gnolls (D:3)
  3 worms (D:2)
  A dart slug (D:1)
  9 ball pythons
  4 bats
  3 endoplasms
  A giant cockroach (D:2)
  A goblin (D:2)
  2 hobgoblins (D:1)
  6 kobolds
  3 quokkas
  3 frilled lizards
  4 rats
42 creatures vanquished.

Vanquished Creatures (others)
  70 foxfires
70 creatures vanquished.

Grand Total: 112 creatures vanquished

Notes
Turn   | Place    | Note
-------+----------+-------------------------------------------
     0 | D:1      | Woods the Octopode Fire Elementalist began the quest for
                  | the Orb.
     0 | D:1      | Reached XP level 1. HP: 11/11 MP: 3/3
    68 | D:1      | Reached skill level 3 in Stealth
   129 | D:1      | Reached XP level 2. HP: 14/17 MP: 5/5
   818 | D:1      | Reached XP level 3. HP: 21/21 MP: 3/6
   821 | D:1      | Learned a level 2 spell: Scorch
   825 | D:1      | Learned a level 3 spell: Inner Flame
  1298 | D:2      | Found a faded altar of an unknown god.
  1698 | D:2      | Reached skill level 4 in Stealth
  1946 | D:3      | Reached XP level 4. HP: 27/27 MP: 0/7
  1958 | D:3      | HP: 1/27 [poisoned by a gnoll]
  1958 | D:3      | Mangled by a gnoll

Illustrated notes

Levels and vault maps discovered:
D:1:      spicycebolla_green_bress_n_ham_2, layout_loops_ring,
          minmay_misc_feat_rows, nrook_mini_backslash
D:2:      layout_rooms, hellmonk_ecumenical_altar_crossroads
D:3:      layout_loops_corners, vehumet_crystals, serial_park_tiny_pond,
          uniq_natasha

Skill      XL: |  1  2  3 |
---------------+----------+-----
Stealth        | 3 4 |  4.2
Dodging        | |  2.5
Spellcasting   | |  2.3
Conjurations   | |  1.9
Fire Magic     | |  3.3

Action                   |  1- 3 |  4- 6 || total
-------------------------+-------+-------++-------
Melee: Unarmed           |    53 |     3 ||    56
       Constrict         |    13 |     1 ||    14
       Tentacles         |    14 |     1 ||    15
 Cast: Foxfire           |    42 |       ||    42
       Scorch            |    13 |     1 ||    14
       Inner Flame       |     1 |       ||     1
 Stab: Sleeping          |     3 |       ||     3
Armor: Skin              |     2 |       ||     2
Dodge: Dodged            |    32 |     3 ||    35

Table legend: (Time is in decaauts)
 A = Elapsed time spent in this place.
 B = Non-inter-level travel time spent in this place.
 C = Inter-level travel time spent in this place.
 D = Time resting spent in this place.
 E = Time spent auto-exploring this place.
 F = Levels seen in this place.
 G = Mean time per level.
                   A        B        C        D        E       F      G
               +--------+--------+--------+--------+--------+-----+--------+
         Total |   1957 |   1935 |     22 |      0 |   1545 |   3 |  652.3 |
       Dungeon |   1957 |   1935 |     22 |      0 |   1545 |   3 |  652.3 |
               +--------+--------+--------+--------+--------+-----+--------+

Top non-repeatable levels by time:
     D:1: 1022 daAuts
     D:2: 801 daAuts
     D:3: 133 daAuts
